AoeStats
← King Keegan

Arena

509731783Analyzed
1v1 RM · 5d ago on Sep 27, 2026· 49m 23s· 2 players
Game mode
Random Map
Map size
Tiny (2 player)
Population
200
Speed
Normal
Resources
Standard
Victory
Conquest
Starting age
Dark Age
Ending age
Imperial Age
RankedLock teamsTeams togetherTeam positionsShared explorationLock speedFull tech treeHidden civsTurbo modeCheats
Victory
Defeat
🇺🇸 Burgundians · United States
367
+14
🇺🇸 Goths · United States
322
-14
King Keegan
0:28 Loom
14:41 Feudal Age
15:24 Horse Collar
16:22 Wheelbarrow
15:37 Double-Bit Axe
15:44 Gold Mining
15:45 Stone Mining
16:45 Town Watch
18:02 Bloodlines
17:19 Man-at-Arms
26:59 Castle Age
26:13 Forging
26:04 Scale Mail Armor
26:04 Fletching
27:28 Scale Barding Armor
27:24 Padded Archer Armor
28:25 Hand Cart
28:15 Heavy Plow
29:00 Squires
28:22 Pikeman
30:46 Anarchy
32:56 Bow Saw
33:23 Stone Shaft Mining
33:32 Iron Casting
33:12 Chain Mail Armor
33:18 Chain Barding Armor
32:54 Bodkin Arrow
34:37 Leather Archer Armor
34:26 Town Patrol
33:59 Long Swordsman
36:20 Murder Holes
36:05 Treadmill Crane
36:36 Masonry
38:53 Ballistics
37:59 Light Cavalry
38:40 Husbandry
38:03 Crossbowman
44:50 Imperial Age
45:39 Perfusion
46:01 Conscription
45:02 Elite Huskarl
46:29 Crop Rotation
47:02 Two-Man Saw
47:06 Chemistry
46:38 Architecture
46:30 Halberdier
gamsnt
2:01 Loom
7:38 Double-Bit Axe
9:52 Wheelbarrow
10:58 Feudal Age
9:59 Horse Collar
10:38 Gold Mining
11:23 Stone Mining
13:11 Bow Saw
13:05 Heavy Plow
14:23 Hand Cart
18:54 Gold Shaft Mining
18:56 Stone Shaft Mining
23:25 Castle Age
21:16 Town Watch
27:24 Two-Man Saw
27:18 Crop Rotation
28:03 Town Patrol
29:34 Burgundian Vineyards
30:36 Pikeman
31:18 Squires
31:04 Arson
31:33 Cavalier
32:14 Husbandry
35:50 Imperial Age
33:48 Fortified Wall
33:21 Treadmill Crane
33:52 Masonry
35:11 Ballistics
38:09 Chemistry
40:23 Padded Archer Armor
40:30 Scale Barding Armor
40:36 Forging
40:27 Scale Mail Armor
40:19 Fletching
41:11 Halberdier
41:49 Elite Coustillier
44:34 Paladin
47:55 Chain Barding Armor
47:51 Leather Archer Armor
48:13 Iron Casting
47:54 Chain Mail Armor
47:35 Bodkin Arrow
Connection lost

Rejoining the realm…

Still unreachable

The connection could not be restored.

Session expired

The server has moved on; the page needs a fresh start.